 Dungeon Crawl Stone Soup version 0.27-a0-676-gc1da3516c2 (webtiles) character file.

Game seed: 12137506528056492328

35 Gildeon the Covered (level 3, 0/23 HPs)
             Began as a Gargoyle Fighter on Mar 18, 2021.
             Killed from afar by Sigmund (12 damage)
             ... with a puff of flame
             ... on level 2 of the Dungeon.
             The game lasted 00:03:02 (1223 turns).

Gildeon the Covered (Gargoyle Fighter)              Turns: 1223, Time: 00:03:03

Health: 0/23       AC: 11    Str: 20    XL:     3   Next: 35%
Magic:  3/3        EV:  7    Int:  8    God:
Gold:   52         SH:  9    Dex:  9    Spells: 2/2 levels left

rFire    . . .     SeeInvis .   a - +0 flail
rCold    . . .     Faith    .   c - +0 kite shield
rNeg     + . .     Spirit   .   b - +0 scale mail
rPois    ∞         Reflect  .   (no helmet)
rElec    +         Harm     .   (no cloak)
rCorr    .         Rampage  .   (no gloves)
Will     .....                  j - +0 pair of boots
Stlth    ..........             (no amulet)
HPRegen  0.07/turn              (no ring)
MPRegen  0.08/turn              (no ring)

@: mighty
A: AC +3, negative energy resistance 1, electricity resistance, torment
resistance 1, unbreathing 1, petrification resistance
a: no special abilities


You were on level 2 of the Dungeon.
You visited 1 branch of the dungeon, and saw 2 of its levels.

You collected 52 gold pieces.

Inventory:

Hand Weapons
 a - a +0 flail (weapon)
Armour
 b - a +0 scale mail (worn)
 c - a +0 kite shield (worn)
 j - a +0 pair of boots (worn)
Scrolls
 e - a scroll of fear {unknown}
 f - a scroll of acquirement {unknown}
 h - a scroll of vulnerability {unknown}
 i - a scroll of teleportation {unknown}
Potions
 g - a potion of resistance {unknown}
 k - a potion of heal wounds {unknown}


   Skills:
 + Level 3.6 Fighting
 + Level 2.3 Maces & Flails
 + Level 3.6 Armour
 + Level 0.8 Dodging
 + Level 3.6 Shields


You had 2 spell levels left.
You didn't know any spells.
Your spell library contained the following spells:

 Spells                   Type           Power      Damage    Failure   Level
 Sting                    Tmut/Pois      0%         1d3       99%         1
 Poisonous Vapours        Pois/Air       0%         N/A       100%        2
 Gell's Gravitas          Tloc           0%         N/A       100%        3
 Ignite Poison            Fire/Tmut/Pois 0%         N/A       100%        3
 Lesser Beckoning         Tloc           0%         N/A       100%        3
 Mephitic Cloud           Conj/Pois/Air  0%         N/A       100%        3
 Portal Projectile        Hex/Tloc       0%         N/A       100%        3
 Olgreb's Toxic Radiance  Pois           0%         N/A       100%        4


Dungeon Overview and Level Annotations

Branches:
Dungeon (2/15)

Altars:

Annotations:
D:2 Sigmund


Innate Abilities, Weirdness & Mutations

Your stone body is resilient. (AC +3)
You are immune to poison.
You resist negative energy. (rN+)
You are resistant to electric shocks. (rElec)
You are resistant to unholy torment.
You can survive without breathing.
You are immune to petrification.


Message History

The bat is heavily wounded.
You block the bat's attack. x2; The bat barely misses you.
You miss the bat.
The bat is heavily wounded.
You block the bat's attack. x3
Your scale mail prevents you from hitting the bat.
The bat is heavily wounded.
The bat hits you but does no damage. x2
You block the bat's attack. The bat hits you but does no damage.
The bat hits you but does no damage. The bat hits you.
You block the bat's attack. The bat closely misses you.
You completely miss the bat.
The bat is moderately wounded.
The bat hits you but does no damage. The bat hits you.
You hit the bat.
You kill the bat!
You see here a bat corpse.
Sigmund is nearby!
Okay, then.
You feel very mighty all of a sudden.
Sigmund shouts!
Sigmund gestures at you while chanting. The magic dart hits you!
Sigmund hits you but does no damage.
You barely miss Sigmund. Sigmund gestures at you while chanting.
You resist with significant effort.
You closely miss Sigmund. You block Sigmund's attack.
Sigmund hits you but does no damage.
You hit Sigmund.
Sigmund is lightly wounded.
You block Sigmund's attack.
You hit Sigmund.
Sigmund is moderately wounded.
Sigmund casts a spell at you. The puff of flame hits you!
Ouch! That really hurt!
You die...

.....### #.# ......
#.# ##.#. #######.#
..# ..(.....#### ..#
...........#
#..##.##########.#
##....... .. #†#
......?.######.###.#
@)...# ......@@..#
###..# #####.##### #
.# # ###..# .....
....< ##... # .## #
#


You could see Sigmund.

Vanquished Creatures
  An adder (D:2)
  A leopard gecko (D:1)
  5 bats
  2 giant cockroaches
  A goblin (D:1)
  5 hobgoblins
  2 kobolds (D:1)
  2 frilled lizards
  4 rats (D:1)
23 creatures vanquished.

Notes
Turn   | Place    | Note
-------+----------+-------------------------------------------
     0 | D:1      | Gildeon the Gargoyle Fighter began the quest for the Orb.
     0 | D:1      | Reached XP level 1. HP: 14/14 MP: 1/1
    23 | D:1      | Identified the Grimoire of the Traveller
   324 | D:1      | Reached XP level 2. HP: 19/19 MP: 2/2
   929 | D:2      | Reached XP level 3. HP: 19/23 MP: 3/3
  1060 | D:2      | Noticed Sigmund
  1223 | D:2      | Killed from afar by Sigmund

Illustrated notes

Levels and vault maps discovered:
D:1:      dpeg_arrival_radiant, layout_loops_ring
D:2:      layout_loops_ring, serial_shops,
          nicolae_shop_temple_entry_statues_fountains, uniq_terence,
          uniq_sigmund

Action                   || total
-------------------------++-------
Melee: Flail             ||    96
  Use: Potion            ||     1
Armor: Scale mail        ||    70
Dodge: Dodged            ||    34
Block: Kite shield       ||    71

Table legend: (Time is in decaauts)
 A = Elapsed time spent in this place.
 B = Non-inter-level travel time spent in this place.
 C = Inter-level travel time spent in this place.
 D = Time resting spent in this place.
 E = Time spent auto-exploring this place.
 F = Levels seen in this place.
 G = Mean time per level.
                   A        B        C        D        E       F      G
               +--------+--------+--------+--------+--------+-----+--------+
         Total |   1272 |   1251 |     21 |      0 |    952 |   2 |  636.0 |
       Dungeon |   1272 |   1251 |     21 |      0 |    952 |   2 |  636.0 |
               +--------+--------+--------+--------+--------+-----+--------+

Top non-repeatable levels by time:
     D:1: 949 daAuts
     D:2: 323 daAuts
